 Dungeon Crawl Stone Soup version 0.24-a0-433-gbe6fa4f6cc (webtiles) character file.

Game seed: 17485341843873596383

2343 ivs the Geomancer (level 9, -4/46 HPs)
             Began as a Vine Stalker Earth Elementalist on June 14, 2019.
             Was a Believer of Sif Muna.
             Slain by a wraith (9 damage)
             ... on level 10 of the Dungeon.
             The game lasted 00:46:00 (3543 turns).

ivs the Geomancer (Vine Stalker Earth Elementalist) Turns: 3543, Time: 00:46:00

Health: -4/46      AC:  4    Str: 11    XL:     9   Next: 43%
Magic:  0/19       EV: 12    Int: 21    God:    Sif Muna [**....]
Gold:   273        SH:  0    Dex: 15    Spells: 9/20 levels left

rFire    . . .     SeeInvis .   p - +4 flail
rCold    . . .     Gourm    .   (no shield)
rNeg     . . .     Faith    +   c - +0 robe
rPois    .         Spirit   +   g - +2 hat {Int+3}
rElec    .         Reflect  .   (no cloak)
rCorr    +         Harm     .   (no gloves)
MR       ++...                  (no boots)
Stlth    ++........             k - amulet of faith
HPRegen  0.55/turn              n - ring of protection from magic
MPRegen  0.16/turn              w - ring of resist corrosion

@: slowed, very slow
A: fangs 3, regeneration 1, magic shield, antimagic bite, no potion heal 3, rot
immunity
a: Divine Energy, Renounce Religion


You were on level 10 of the Dungeon.
You worshipped Sif Muna.
Sif Muna was pleased with you.
You were not hungry.

You visited 2 branches of the dungeon, and saw 12 of its levels.
You also visited: Ossuary.

You collected 273 gold pieces.

Inventory:

Hand Weapons
 p - a +4 flail (weapon)
 s - a +0 battleaxe of electrocution
Missiles
 i - 7 poisoned darts
 o - 8 javelins
 z - 10 stones (quivered)
Armour
 c - a +0 robe (worn)
 g - a +2 hat of intelligence (worn)
Jewellery
 k - an amulet of faith (around neck)
 n - a ring of protection from magic (left hand)
 w - a ring of resist corrosion (right hand)
Wands
 f - a wand of enslavement (4)
 j - a wand of polymorph (16)
Scrolls
 b - a scroll of silence {unknown}
 e - 2 scrolls of noise
 h - a scroll of fog
 q - a scroll of acquirement {unknown}
 r - 2 scrolls of enchant armour
 t - a scroll of identify
 x - a scroll of magic mapping
 y - a scroll of remove curse
 A - a scroll of teleportation
Potions
 a - a potion of haste
 m - a potion of lignification
 u - a potion of ambrosia {unknown}
 v - 2 potions of curing
 B - 2 potions of cancellation
 C - a potion of magic {unknown}
Comestibles
 d - 5 rations


   Skills:
 + Level 4.3 Fighting
 - Level 2.1 Throwing
 - Level 1.5 Dodging
 - Level 2.4 Stealth
 + Level 6.0 Spellcasting
 + Level 4.2 Conjurations
 - Level 2.2 Transmutations
 - Level 8.5 Earth Magic


You had 9 spell levels left.
You knew the following spells:

 Your Spells              Type           Power        Failure   Level  Hunger
a - Sandblast             Erth           #####.       1%          1    None
l - Lee's Rapid Deconstr  Erth           #####.....   9%          5    #####..
w - Passwall              Tmut/Erth      ####....     1%          2    None
z - Stone Arrow           Conj/Erth      ####..       1%          3    ##.....

Your spell library contained the following spells:

 Spells                   Type           Power        Failure   Level  Hunger
 Petrify                  Tmut/Erth      ####....     11%         4    ####...


Dungeon Overview and Level Annotations

Branches:
Dungeon (11/15)            Temple (1/1) D:5            Lair (0/6) D:9
    Orc: D:9-12

Altars:
Dithmenos
Kikubaaqudgha
Nemelex Xobeh
Ru
Sif Muna
Uskayaw
Zin

Annotations:
D:7 Joseph
D:8 Gastronok
D:10 Urug


Innate Abilities, Weirdness & Mutations

You have razor-sharp teeth.
Your natural rate of healing is unusually fast.
When hurt, damage is shared between your health and your magic reserves.
Your bite disrupts and absorbs the magic of your enemies.
Potions cannot restore your health.
You are immune to rotting.


Message History

The wraith is almost destroyed.
z - 11 stones The wraith barely misses you.
The wraith hits you!
* * * LOW HITPOINT WARNING * * *
Casting: Sandblast (safe; 1% risk of failure)
Confirm with . or Enter, or press ? or * to list all spells.
Aiming: Sandblast (safe; 1% risk of failure)
Press: ? - help, Shift-Dir - straight line, f/p - wraith
Aim: a wraith (almost destroyed)
The blast of sand hits the wraith but does no damage.
The wraith is almost destroyed.
z - 10 stones The wraith hits you!
* * * LOW HITPOINT WARNING * * *
The wraith drains your vigour!
You feel as though you will be slow longer.
You hit the wraith. Your bite misses the wraith.
The wraith is almost destroyed.
The wraith barely misses you. The wraith hits you!
You die...

#.......#
#.......#
#####'###
##.....#
#..#####
##'#######
#........#
###........#
#)'...W@...#
'.#........#
#........#
#######'##
#.# #.# ##+#
###.# #..#
#...#
###)###
#.###


You could see a wraith.

Vanquished Creatures
  A yak (D:9)
  2 hungry ghosts
  A porcupine (D:9)
  A phantom (D:5)
  2 ogres
  2 centaurs
  A crocodile (D:9)
  An elf zombie (Ossuary)
  4 bullfrogs
  3 wights (D:10)
  4 howler monkeys
  A centaur zombie (Ossuary)
  3 crimson imps
  2 hounds
  A human zombie (Ossuary)
  An orc priest (D:5)
  An iguana (D:4)
  5 worker ants
  An orc wizard (D:8)
  A hound zombie (D:5)
  2 mummies (Ossuary)
  10 adders
  3 adder zombies
  6 worms
  8 dart slugs
  A leopard gecko (D:3)
  7 orcs
  A giant cockroach (D:1)
  2 goblins
  8 hobgoblins
  3 jackals (D:3)
  3 kobolds
  2 quokkas
  5 bats
  3 frilled lizards
  A goblin zombie (Ossuary)
  12 hobgoblin zombies (Ossuary)
  2 jackal zombies (Ossuary)
  8 kobold zombies (Ossuary)
  8 orc zombies (Ossuary)
  9 rats
  A rat zombie (Ossuary)
143 creatures vanquished.

Vanquished Creatures (others)
  A crocodile (D:9)
  5 plants (D:9)
6 creatures vanquished.

Grand Total: 149 creatures vanquished

Notes
Turn   | Place    | Note
-------+----------+-------------------------------------------
     0 | D:1      | ivs the Vine Stalker Earth Elementalist began the quest for
                  | the Orb.
     0 | D:1      | Reached XP level 1. HP: 9/9 MP: 4/4
   181 | D:2      | Reached XP level 2. HP: 13/13 MP: 0/6
   310 | D:1      | Reached XP level 3. HP: 16/16 MP: 3/7
   489 | D:2      | Learned a level 3 spell: Stone Arrow
   709 | D:3      | Reached skill level 1 in Throwing
   730 | D:3      | Reached skill level 4 in Earth Magic
   753 | D:3      | Found a faded altar of an unknown god.
   793 | D:3      | Gained mutation: Your natural rate of healing is unusually
                  | fast. [Vine Stalker growth]
   793 | D:3      | Reached XP level 4. HP: 21/21 MP: 3/8
   881 | D:4      | Learned a level 2 spell: Passwall
  1008 | D:3      | Found a hide-covered altar of Uskayaw.
  1097 | D:4      | Noticed an ogre
  1132 | D:4      | Killed an ogre
  1132 | D:4      | Reached skill level 5 in Earth Magic
  1132 | D:4      | Reached XP level 5. HP: 24/24 MP: 6/9
  1293 | D:4      | Reached XP level 6. HP: 28/28 MP: 1/10
  1527 | D:5      | Entered Level 5 of the Dungeon
  1617 | D:5      | Noticed a phantom
  1628 | D:5      | Killed a phantom
  1628 | D:5      | Reached skill level 6 in Earth Magic
  1730 | D:5      | Reached XP level 7. HP: 23/32 MP: 2/12
  1823 | D:5      | Reached skill level 1 in Conjurations
  1865 | D:5      | Found a staircase to the Ecumenical Temple.
  1879 | Temple   | Entered the Ecumenical Temple
  1886 | Temple   | Became a worshipper of Sif Muna the Loreminder
  2122 | D:6      | Learned a level 5 spell: Lee's Rapid Deconstruction
  2247 | D:7      | Reached skill level 7 in Earth Magic
  2355 | D:7      | Reached skill level 1 in Fighting
  2424 | D:7      | Noticed a hungry ghost
  2430 | D:7      | Killed a hungry ghost
  2430 | D:7      | Reached * piety under Sif Muna
  2430 | D:7      | Gained mutation: You have razor-sharp teeth. [Vine Stalker
                  | growth]
  2430 | D:7      | Reached XP level 8. HP: 37/37 MP: 6/14
  2576 | D:8      | Reached skill level 8 in Earth Magic
  2621 | D:8      | Found a sand-covered staircase.
  2628 | Ossuary  | Entered an ossuary
  2790 | Ossuary  | Reached ** piety under Sif Muna
  2975 | D:8      | Noticed Joseph
  3038 | D:9      | Noticed a yak
  3039 | D:9      | Noticed a yak
  3082 | D:8      | Noticed Gastronok
  3111 | D:9      | Noticed a yak
  3121 | D:9      | Reached skill level 5 in Spellcasting
  3121 | D:9      | Reached XP level 9. HP: 12/44 MP: 1/17
  3184 | D:9      | Found a staircase to the Lair.
  3220 | D:10     | Entered Level 10 of the Dungeon
  3382 | D:11     | Noticed a brown ugly thing
  3420 | D:10     | Found a sparkling altar of Nemelex Xobeh.
  3481 | D:10     | Noticed Urug
  3543 | D:10     | Slain by a wraith

Levels and vault maps discovered:
D:1:      minmay_arrival_pointy, layout_basic, serial_rivers,
          chequers_serial_rivers_micro_c, chequers_serial_rivers_large_b,
          chequers_serial_rivers_small_b, chequers_serial_rivers_room_b,
          chequers_serial_rivers_marsh, chequers_serial_rivers_micro_a
D:2:      layout_basic, uniq_natasha
D:3:      layout_rooms, lemuel_doored_altar, serial_forest,
          infiniplex_forest_straight_2, infiniplex_forest_end_3,
          infiniplex_forest_end_2, infiniplex_forest_corner_1,
          infiniplex_forest_straight_3, chequers_ecumenical_altar_island
D:4:      kennysheep_slugbush, layout_layer_cave, first_ration
D:5:      layout_loops_ring, minmay_temple_entry_overgrown
D:6:      minmay_evil_eye, layout_loops_corners, kb_lookout_dungeons_type
D:7:      layout_basic
D:8:      layout_loops_ring, chequers_ossuary_entry_cave, uniq_joseph,
          uniq_gastronok, uniq_grum
D:9:      layout_roguey [special_room_bee], minmay_lair_entry_grove, basic_altar
D:10:     layout_roguey, basic_altar, uniq_urug
D:11:     layout_rooms, david_orc_3, serial_shops, kennysheep_mini_moat,
          shop_fountains, nicolae_shop_competitors_out_of_business,
          nicolae_shop_statue_plus, shop, david_nohive_1
Temple:   nicolae_temple_the_god_donut

Skill      XL: |  1  2  3  4  5  6  7  8  9 |
---------------+----------------------------+-----
Throwing       | 1 2 |  2.1
Earth Magic    | 4 5 6 7 8 |  8.5
Transmutations | 2 |  2.2
Spellcasting   | 3 5 6 |  6.0
Conjurations   | 2 3 4 |  4.2
Fighting       | 1 3 4 |  4.3
Dodging        | |  1.5
Stealth        | |  2.4

Action                   |  1- 3 |  4- 6 |  7- 9 || total
-------------------------+-------+-------+-------++-------
Melee: Unarmed           |     1 |       |       ||     1
       Mace              |    19 |    13 |   103 ||   135
       Bite              |       |     2 |    20 ||    22
       Flail             |       |       |     1 ||     1
Throw: Dart              |     8 |     9 |     4 ||    21
       Javelin           |       |       |     1 ||     1
 Cast: Sandblast         |    43 |    42 |    90 ||   175
       Stone Arrow       |     1 |     5 |    18 ||    24
       Lee's Rapid Decon |       |       |     1 ||     1
Evoke: Wand              |       |       |     2 ||     2
  Use: Scroll            |     5 |     6 |     7 ||    18
       Potion            |       |       |     1 ||     1
 Stab: Sleeping          |     5 |       |       ||     5
  Eat: Ration            |       |     1 |     1 ||     2
       Chunk             |       |       |     6 ||     6
Armor: Robe              |     5 |     5 |    32 ||    42
Dodge: Dodged            |    12 |     6 |    86 ||   104

Table legend:
 A = Non-vault XP
 B = Vault XP
 C = Vault XP percentage of total XP
 D = Non-vault monster count
 E = Vault monster count
 F = Vault count percentage of total count
                 A         B        C        D         E       F
            +---------+---------+-------+---------+---------+-------
      Total |    2601 |     747 |  22.3 |      94 |      49 |  34.3
            +---------+---------+-------+---------+---------+-------
        D:1 |      16 |       0 |   0.0 |      12 |       0 |   0.0
        D:2 |      30 |       0 |   0.0 |      12 |       0 |   0.0
        D:3 |      65 |       0 |   0.0 |      22 |       0 |   0.0
        D:4 |     277 |      28 |   9.2 |       6 |       7 |  53.8
        D:5 |     459 |       0 |   0.0 |      17 |       0 |   0.0
        D:6 |      34 |       0 |   0.0 |       1 |       0 |   0.0
        D:7 |     501 |       0 |   0.0 |       7 |       0 |   0.0
        D:8 |     395 |       0 |   0.0 |       8 |       0 |   0.0
        D:9 |     520 |     446 |  46.2 |       4 |       3 |  42.9
       D:10 |     304 |       0 |   0.0 |       5 |       0 |   0.0
    Ossuary |       0 |     273 | 100.0 |       0 |      39 | 100.0
            +---------+---------+-------+---------+---------+-------
